 Dungeon Crawl Stone Soup version 0.31-a0-435-g2c6fae2916 (webtiles) character file.

Game seed: 4146382846118777047

27 randomguy2701 the Covered (level 2, 0/24 (27) HPs)
             Began as a Minotaur Fighter on Aug 2, 2023.
             Slain by a goblin
             ... wielding a +0 dagger
             ... led by Robin
              (3 damage)
             ... on level 2 of the Dungeon.
             The game lasted 00:00:51 (825 turns).

randomguy2701 the Covered (Minotaur Fighter)         Turns: 825, Time: 00:00:51

HP:   0/24 (27)     AC:  7    Str: 20    XL:     2   Next: 93%
MP:   1/1           EV:  9    Int:  5    God:
Gold: 36            SH:  4    Dex:  9    Spells: 1/1 levels left

rFire   . . .        a - +0 long sword
rCold   . . .        c - +0 buckler
rNeg    . . .        b - +0 scale mail
rPois   .            (helmet restricted)
rElec   .            (no cloak)
rCorr   .            (no gloves)
SInv    .            (no boots)
Will    .....        (no amulet) Stlth
                     (no ring)
HPRegen 0.24/turn    (no ring)
MPRegen 0.07/turn

%: no passive effects
@: heavily drained
A: horns 2, retaliatory headbutt
a: no special abilities


You were on level 2 of the Dungeon.
You visited 1 branch of the dungeon, and saw 2 of its levels.

You collected 36 gold pieces.

Inventory:

Hand Weapons
 a - a +0 long sword (weapon)
Armour
 b - a +0 scale mail (worn)
 c - a +0 buckler (worn)
Jewellery
 e - a ring of ice
Scrolls
 f - a scroll of teleportation {unknown}
 g - a scroll of enchant armour {unknown}
 k - a scroll of noise {unknown}
 l - a scroll of amnesia {unknown}
Potions
 d - a potion of might
 h - a potion of invisibility {unknown}
 i - 3 potions of curing {unknown}
 j - 2 potions of resistance {unknown}


   Skills:
 + Level 4.0 Fighting
 + Level 2.8 Long Blades
 + Level 4.2 Armour
 + Level 0.3 Dodging
 + Level 3.8 Shields


You had one spell level left.
You didn't know any spells.
Your spell library contained the following spells:

 Spells                   Type           Power      Damage    Failure   Level
 Animate Armour           Summ/Erth      0%         N/A       100%        4
 Summon Lightning Spire   Summ/Air       0%         N/A       100%        4
 Lee's Rapid Deconstruct  Erth           0%         3d4*      100%        5


Dungeon Overview and Level Annotations

Branches:
Dungeon (2/15)

Altars:
Xom

Shops:
D:1 :

Annotations:
D:2 Robin


Innate Abilities, Weirdness & Mutations

You have a pair of horns on your head.
You reflexively headbutt those who attack you in melee.


Message History

You feel drained. The goblin hits you with a +0 dagger.
You block the hobgoblin's attack. The goblin hits you but does no damage.
The hobgoblin attacks as you move away! The hobgoblin hits you.
Robin throws the goblin at you! The goblin closely misses you.
The hobgoblin attacks as you move away! The hobgoblin misses you.
The goblin attacks as you move away! The goblin hits you but does no damage.
The goblin closely misses you. You furiously retaliate!
You headbutt the goblin. The goblin attacks as you move away!
The goblin hits you with a +2 dagger of draining.
You feel drained. The hobgoblin attacks as you move away!
The hobgoblin hits you.
* * * LOW HITPOINT WARNING * * *
Robin throws the goblin at you! The goblin hits you but does no damage.
You block the goblin's attack. The goblin attacks as you move away!
The goblin hits you but does no damage. x2
The goblin hits you with a +0 club.
* * * LOW HITPOINT WARNING * * *
The goblin attacks as you move away! The goblin hits you but does no damage.
The goblin attacks as you move away! The goblin completely misses you.
The goblin attacks as you move away! The goblin hits you but does no damage.
The goblin attacks as you move away! The goblin hits you but does no damage.
The goblin attacks as you move away! The goblin hits you but does no damage.
The hobgoblin no longer looks unusually strong.
The goblin attacks as you move away! The goblin closely misses you.
You furiously retaliate!
You headbutt the goblin, but do no damage.
The goblin no longer looks unusually strong. x2
The goblin attacks as you move away! The goblin closely misses you.
You furiously retaliate!
You headbutt the goblin!
You kill the goblin!
You closely miss the goblin.
The goblin no longer looks unusually strong.
The goblin hits you but does no damage.
The hobgoblin no longer looks unusually strong.
The goblin attacks as you move away! The goblin hits you with a +0 dagger.
* * * LOW HITPOINT WARNING * * *
The goblin no longer looks unusually strong.
The goblin attacks as you move away! The goblin hits you with a +0 dagger.
You die...

.....##......###
###.###†.....#
#.##.....gg# #
#.....gg)# #
#.#####g##
.####.#.#####g###
#........>)##...####
.........<..#..g...#
...............@...#
...............<...#
...................#
...................#
...................#
............########
.........## ###


You could see 2 hobgoblins and 3 goblins.

Vanquished Creatures
  An orc (D:2)
  2 ball pythons
  3 endoplasms
  2 giant cockroaches
  4 goblins
  3 hobgoblins (D:2)
  2 quokkas (D:1)
  3 bats (D:1)
  2 frilled lizards
  A rat (D:1)
23 creatures vanquished.

Notes
Turn   | Place    | Note
-------+----------+-------------------------------------------
     0 | D:1      | randomguy2701 the Minotaur Fighter began the quest for the
                  | Orb.
     0 | D:1      | Reached XP level 1. HP: 19/19 MP: 0/0
    16 | D:1      | You fall into a shaft and drop 1 floor!
   126 | D:1      | Reached XP level 2. HP: 13/27 MP: 1/1
   570 | D:1      | Found Edwoir's Book Shop.
   793 | D:2      | Found a shimmering altar of Xom.
   803 | D:2      | Noticed Robin
   825 | D:2      | Slain by a goblin

Illustrated notes

Levels and vault maps discovered:
D:1:      dpeg_arrival_solitude, layout_loops_ring, serial_shops, shop,
          serial_bayou_pond_d
D:2:      minmay_roachtagon, layout_rooms, serial_shops, shop, basic_altar,
          uniq_robin

Skill      XL: |  1  2 |
---------------+-------+-----
Armour         | 4 |  4.2
Fighting       | 4 |  4.0
Long Blades    | |  2.8
Dodging        | |  0.3
Shields        | |  3.8

Action                     || total
---------------------------++-------
  Melee: Long sword        ||    57
         Headbutt          ||     3
 Armour: Scale mail        ||    43
  Dodge: Dodged            ||    36
  Block: Buckler           ||    12

Table legend: (Time is in decaauts)
 A = Elapsed time spent in this place.
 B = Non-inter-level travel time spent in this place.
 C = Inter-level travel time spent in this place.
 D = Time resting spent in this place.
 E = Time spent auto-exploring this place.
 F = Levels seen in this place.
 G = Mean time per level.
                   A        B        C        D        E       F      G
               +--------+--------+--------+--------+--------+-----+--------+
         Total |    843 |    817 |     26 |      0 |    667 |   2 |  421.5 |
       Dungeon |    843 |    817 |     26 |      0 |    667 |   2 |  421.5 |
               +--------+--------+--------+--------+--------+-----+--------+

Top non-repeatable levels by time:
     D:1: 732 daAuts
     D:2: 111 daAuts
